 Dungeon Crawl Stone Soup version 0.29-a0-1019-g84f7d21838 (webtiles) character file.

Game seed: 5602353668353386830

45 Zonian the Shooter (level 3, -2/28 HPs)
             Began as a Human Hunter on Aug 11, 2022.
             Was a Follower of Sif Muna.
             Slain by an adder (3 damage)
             ... on level 3 of the Dungeon.
             The game lasted 00:03:20 (2110 turns).

Zonian the Shooter (Human Hunter)                   Turns: 2110, Time: 00:03:20

Health: -2/28      AC:  3    Str: 16    XL:     3   Next: 90%
Magic:  3/3        EV: 12    Int:  7    God:    Sif Muna [*.....]
Gold:   48         SH:  0    Dex: 19    Spells: 2/2 levels left

rFire   . . .      SeeInvis .   a - +0 shortbow
rCold   . . .      Faith    .   (shield currently unavailable)
rNeg    . . .      Spirit   .   c - +0 leather armour
rPois   .          Reflect  .   j - +0 hat
rElec   .          Harm     .   (no cloak)
rCorr   .          Rampage  .   (no gloves)
Will    .....                   (no boots)
Stlth   ++........              (no amulet)
HPRegen 0.09/turn               (no ring)
MPRegen 0.08/turn               (no ring)

@: attractive, hasted, very quick
A: agile 1, strong 1, subdued magic 1
a: Renounce Religion, Channel Magic


You were on level 3 of the Dungeon.
You worshipped Sif Muna.
Sif Muna was aware of your devotion.
You visited 1 branch of the dungeon, and saw 3 of its levels.

You collected 48 gold pieces.

Inventory:

Hand Weapons
 a - a +0 shortbow (weapon)
 e - a +0 hand axe
 i - a +0 falchion
Missiles
 f - 5 poisoned darts
Armour
 c - a +0 leather armour (worn)
 j - a +0 hat (worn)
 m - an orb of mayhem
Scrolls
 b - a scroll of immolation
 k - 2 scrolls of identify {unknown}
 l - a scroll of magic mapping {unknown}


   Skills:
 + Level 2.5 Fighting
 + Level 4.3 Ranged Weapons
 + Level 2.5 Dodging
 + Level 2.0 Stealth


You had 2 spell levels left.
You didn't know any spells.
Your spell library contained the following spells:

 Spells                   Type           Power      Damage    Failure   Level
 Apportation              Tloc           0%         N/A       45%         1
 Magic Dart               Conj           0%         1d3       45%         1
 Necrotise                Necr           0%         1d4       45%         1
 Summon Small Mammal      Summ           0%         N/A       45%         1
 Searing Ray              Conj           0%         2d4       61%         2
 Sublimation of Blood     Necr           0%         N/A       61%         2
 Wereblood                Tmut           0%         N/A       61%         2
 Portal Projectile        Hex/Tloc       0%         N/A       83%         3
 Tukima's Dance           Hex            0%         N/A       83%         3
 Fulminant Prism          Conj/Hex       0%         3d6       99%         4
 Petrify                  Tmut/Erth      0%         N/A       99%         4
 Blade Hands              Tmut           0%         N/A       100%        5
 Irradiate                Conj/Tmut      0%         3d11      100%        5
 Summon Hydra             Summ           0%         N/A       100%        7


Dungeon Overview and Level Annotations

Branches:
Dungeon (3/15)

Altars:
Ashenzari
Sif Muna

Annotations:
D:2 1 runed translucent door, Crazy Yiuf
D:3 Terence


Innate Abilities, Weirdness & Mutations

You are agile. (Dex +4, Str/Int -1)
Your muscles are strong. (Str +4, Int/Dex -1)
Your spells are a little easier to cast, but a little less powerful.


Message History

You hear a shout!
You shoot an arrow. The arrow hits the hobgoblin.
You kill the hobgoblin!
Sif Muna accepts your kill.
Terence the Incautious comes into view.
He is wielding a +0 hand axe.
You shoot an arrow.
The arrow hits Terence but does no damage.
You hear the slow rusting of a distant drain.
Terence drinks a potion.
Terence flickers and vanishes!
Deactivating autopickup; reactivate with Ctrl-A.
An adder comes into view.
You shoot an arrow. The adder hisses angrily.
You shoot an arrow. The arrow barely misses the adder.
You shoot an arrow. Something hits you.
Unknown command.
You shoot an arrow. Something hits you. The adder barely misses you.
You shoot an arrow. The arrow closely misses the adder.
Something hits you but does no damage. The adder bites you but does no damage.
You shoot an arrow. The arrow closely misses the adder.
The adder bites you. Something hits you! The adder closely misses you.
Something hits you!
* * * LOW HITPOINT WARNING * * *
You are too injured to fight recklessly!
Unknown command.
Unknown command.
It was a potion of mutation.
You feel extremely strange.
You feel stronger.
Your connection to magic feels subdued.
You feel agile. The adder barely misses you. The adder closely misses you.
Fire: a) +0 shortbow
Press: ? - help, Q - select action, (/) - cycle Shift-Dir - straight line, f/p - adder
Aim: an adder (48% to hit)
You shoot an arrow. The arrow closely misses the adder.
The adder bites you.
* * * LOW HITPOINT WARNING * * *
It was a potion of attraction.
You feel attractive to monsters. The adder barely misses you.
The adder bites you.
* * * LOW HITPOINT WARNING * * *
It was a potion of haste.
You feel yourself speed up. The adder bites you.
You die...

.._ .# . .. .# . ..
.. ♣†##.. ... ♣.
.....
.....?...♣♣.♣♣...#
##...............
.............{.# #
....... #S# .#
.#.....######@#..####
.....................
...........##.#######
#.##.....####.##
..<.............
...>............
..........#######
.............###
#.......##.#..>#


You could see an adder.

Vanquished Creatures
  An adder (D:2)
  A dart slug (D:2)
  2 endoplasms
  3 goblins
  3 hobgoblins
  4 jackals (D:1)
  2 quokkas
  5 ball pythons
  4 bats
  5 frilled lizards
  A kobold (D:1)
  2 rats (D:2)
33 creatures vanquished.

Notes
Turn   | Place    | Note
-------+----------+-------------------------------------------
     0 | D:1      | Zonian the Human Hunter began the quest for the Orb.
     0 | D:1      | Reached XP level 1. HP: 16/16 MP: 1/1
   267 | D:1      | Reached XP level 2. HP: 22/22 MP: 2/2
   938 | D:1      | Reached XP level 3. HP: 20/28 MP: 3/3
  1548 | D:2      | Found a faded altar of an unknown god.
  1591 | D:2      | Prayed at the altar of an unknown god.
  1591 | D:2      | Became a worshipper of Sif Muna the Loreminder
  1591 | D:2      | Reached * piety under Sif Muna
  1928 | D:2      | Found a runed translucent door.
  1929 | D:2      | Noticed Crazy Yiuf
  2095 | D:3      | Found a broken altar of Ashenzari.
  2098 | D:3      | Noticed Terence
  2107 | D:3      | Gained mutation: Your muscles are strong. (Str +4, Int/Dex
                  | -1) [potion of mutation]
  2107 | D:3      | Gained mutation: Your spells are a little easier to cast,
                  | but a little less powerful. [potion of mutation]
  2107 | D:3      | Gained mutation: You are agile. (Dex +4, Str/Int -1)
                  | [potion of mutation]
  2109 | D:3      | HP: 1/28 [adder (3)]
  2110 | D:3      | Slain by an adder

Illustrated notes

Levels and vault maps discovered:
D:1:      dpeg_arrival_court, layout_basic, minmay_misc_feat_encased
D:2:      layout_basic, hellmonk_ecumenical_altar_zigzags,
          uniq_crazy_yiuf_cottage
D:3:      layout_rooms, mainiacjoe_overflow_small_starburst,
          gup_sewer_entry_glass, uniq_natasha, uniq_terence

Skill      XL: |  1  2  3 |
---------------+----------+-----
Stealth        | 2 |  2.0
Fighting       | |  2.5
Ranged Weapons | |  4.3
Dodging        | |  2.5

Action                   || total
-------------------------++-------
 Fire: Shortbow          ||   116
  Use: Potion            ||     3
Armor: Leather armour    ||    20
Dodge: Dodged            ||    46

Table legend: (Time is in decaauts)
 A = Elapsed time spent in this place.
 B = Non-inter-level travel time spent in this place.
 C = Inter-level travel time spent in this place.
 D = Time resting spent in this place.
 E = Time spent auto-exploring this place.
 F = Levels seen in this place.
 G = Mean time per level.
                   A        B        C        D        E       F      G
               +--------+--------+--------+--------+--------+-----+--------+
         Total |   2148 |   2088 |     60 |      0 |   1785 |   3 |  716.0 |
       Dungeon |   2148 |   2088 |     60 |      0 |   1785 |   3 |  716.0 |
               +--------+--------+--------+--------+--------+-----+--------+

Top non-repeatable levels by time:
     D:1: 1053 daAuts
     D:2: 1032 daAuts
     D:3: 62 daAuts
